 Dungeon Crawl Stone Soup version 0.30-a0-585-g93115170b9 (webtiles) character file.

Game seed: 11258402549800950010

55 Citaku the Vexing (level 4, -3/30 HPs)
             Began as a Human Wanderer on Jan 2, 2023.
             Killed by nerve-wracking pain
             ... invoked by Jessica
              (14 damage)
             ... on level 2 of the Dungeon.
             The game lasted 00:04:01 (1657 turns).

Citaku the Vexing (Human Wanderer)                  Turns: 1657, Time: 00:04:01

Health: -3/30      AC:  6    Str: 13    XL:     4   Next: 14%
Magic:  6/6        EV: 11    Int:  9    God:
Gold:   816        SH:  0    Dex: 17    Spells: 4/5 levels left

rFire   . . .      SeeInvis .    a - +0 short sword
rCold   . . .      Faith    .    (no shield)
rNeg    . . .      Spirit   .    h - +0 ring mail
rPois   .          Reflect  .    (no helmet)
rElec   .          Harm     .    (no cloak)
rCorr   .          Rampage  .    b - +0 pair of gloves
Will    .....                    (no boots)
Stlth   ++                       (no amulet)
HPRegen 0.25/turn                (no ring)
MPRegen 0.10/turn                (no ring)

@: slowed, very slow
A: no striking features
a: no special abilities


You were on level 2 of the Dungeon.
You visited 1 branch of the dungeon, and saw 2 of its levels.

You collected 816 gold pieces.

Inventory:

Hand Weapons
 a - a +0 short sword (weapon)
Armour
 b - a +0 pair of gloves (worn)
 h - a +0 ring mail (worn)
Jewellery
 d - an amulet of the acrobat
Scrolls
 c - a scroll of fog
 i - a scroll of brand weapon
 k - a scroll of immolation {unknown}
Potions
 e - a potion of mutation {unknown}
 f - 2 potions of heal wounds
 g - a potion of curing
 j - a potion of attraction


   Skills:
 + Level 2.4 Short Blades
 + Level 1.5 Armour
 + Level 1.5 Dodging
 + Level 2.3 Stealth
 + Level 1.4 Spellcasting
 + Level 2.5 Hexes
 + Level 1.4 Evocations


You had 4 spell levels left.
You knew the following spells:

 Your Spells              Type           Power      Damage    Failure   Level
a - Slow                  Hex            20%        N/A       26%         1

Your spell library contained the following spells:

 Spells                   Type           Power      Damage    Failure   Level
 Confusing Touch          Hex            5%         N/A       63%         3
 Sublimation of Blood     Necr           0%         N/A       75%         2
 Fulminant Prism          Conj/Hex       1%         3d5       99%         4
 Petrify                  Tmut/Erth      0%         N/A       100%        4
 Irradiate                Conj/Tmut      0%         3d11      100%        5


Dungeon Overview and Level Annotations

Branches:
Dungeon (2/15)

Altars:

Annotations:
D:2 Jessica


Message History

The hobgoblin barely misses you.
You hit the hobgoblin but do no damage.
The hobgoblin is heavily wounded.
The hobgoblin barely misses you.
You hit the hobgoblin.
You kill the hobgoblin!
You see here a hobgoblin corpse.
Jessica shouts!
You see here a hobgoblin corpse.
Okay, then.
Okay, then.
You see here a hobgoblin corpse.
You hit Jessica but do no damage. You closely miss Jessica.
Jessica points at you and mumbles some strange words.
You feel yourself slow down.
You closely miss Jessica. Jessica hits you but does no damage.
Jessica hits you with a +0 club.
You hit Jessica but do no damage. Jessica barely misses you.
You closely miss Jessica.
Jessica looks very angry.
Jessica hits you but does no damage.
You hit Jessica.
Jessica is moderately wounded.
Jessica hits you with a +0 club.
You closely miss Jessica.
Jessica is moderately wounded.
Jessica hits you with a +0 club. Jessica hits you but does no damage.
You hit Jessica.
Jessica is moderately wounded.
Jessica mumbles some strange words.
Jessica seems to speed up.
You hit Jessica but do no damage.
Jessica is moderately wounded.
Jessica hits you with a +0 club! x2
You closely miss Jessica.
Jessica is moderately wounded.
Jessica gestures at you while chanting. Pain shoots through your body!
You die...

### ## # ..## .#.
#.######## #.# #.........
##.## #.###.........
######...######...########.
.........@@......#.....# #.
#####...#########.###.###.
##.#......# #.# #.##..
#.#.####.###.###.#...
#.#@####.##....#.....
#.#.##.......#.#.....
#.#....#####...#.....
#.#..## ..###...). #?#...
#### #.....


You could see Jessica (fast).

Vanquished Creatures
  An adder (D:2)
  A worm (D:2)
  2 dart slugs (D:1)
  4 ball pythons
  6 endoplasms
  3 giant cockroaches (D:1)
  3 goblins (D:1)
  2 hobgoblins
  2 jackals (D:1)
  A quokka (D:1)
  3 bats (D:1)
  3 frilled lizards (D:1)
  2 kobolds (D:1)
  4 rats (D:1)
37 creatures vanquished.

Notes
Turn   | Place    | Note
-------+----------+-------------------------------------------
     0 | D:1      | Citaku the Human Wanderer began the quest for the Orb.
     0 | D:1      | Citaku set off with the following items: a +0 short sword,
                  | a +0 pair of gloves, a scroll of fog, a +0 leather armour;
                  | and the following spell memorised: Slow; and the following
                  | spells available to memorise: Confusing Touch, Fulminant
                  | Prism.
     0 | D:1      | Reached XP level 1. HP: 13/13 MP: 2/2
   185 | D:1      | Reached XP level 2. HP: 19/19 MP: 3/3
   389 | D:1      | Reached XP level 3. HP: 24/24 MP: 4/4
  1142 | D:2      | Identified a scroll of acquirement
  1142 | D:2      | Acquired 721 gold pieces
  1459 | D:2      | Reached XP level 4. HP: 9/30 MP: 6/6
  1617 | D:2      | Noticed Jessica
  1657 | D:2      | Killed from afar by Jessica

Illustrated notes

Levels and vault maps discovered:
D:1:      tekkud_arrival_beachfront_property, layout_loops_corners
D:2:      layout_loops_ring, hellmonk_ecumenical_altar_heavens_door,
          basic_altar, uniq_jessica, uniq_terence, uniq_robin

Action                   |  1- 3 |  4- 6 || total
-------------------------+-------+-------++-------
Melee: Short sword       |   164 |    17 ||   181
       Punch             |     2 |       ||     2
  Use: Scroll            |     5 |       ||     5
 Stab: Sleeping          |     4 |       ||     4
Armor: Leather armour    |    60 |       ||    60
       Ring mail         |    11 |     7 ||    18
Dodge: Dodged            |   106 |     7 ||   113

Table legend: (Time is in decaauts)
 A = Elapsed time spent in this place.
 B = Non-inter-level travel time spent in this place.
 C = Inter-level travel time spent in this place.
 D = Time resting spent in this place.
 E = Time spent auto-exploring this place.
 F = Levels seen in this place.
 G = Mean time per level.
                   A        B        C        D        E       F      G
               +--------+--------+--------+--------+--------+-----+--------+
         Total |   1640 |   1640 |      0 |      0 |   1005 |   2 |  820.0 |
       Dungeon |   1640 |   1640 |      0 |      0 |   1005 |   2 |  820.0 |
               +--------+--------+--------+--------+--------+-----+--------+

Top non-repeatable levels by time:
     D:1: 1121 daAuts
     D:2: 518 daAuts
